 Dungeon Crawl Stone Soup version 0.29-a0-479-g93865b4 (webtiles) character file.

Game seed: 13913224055225422531

0 Toastz the Sneak (level 1, -1/13 HPs)
             Began as a Merfolk Enchanter on May 25, 2022.
             Slain by a kobold
             ... wielding a +0 club
              (3 damage)
             ... on level 1 of the Dungeon.
             The game lasted 00:00:42 (75 turns).

Toastz the Sneak (Merfolk Enchanter)                  Turns: 75, Time: 00:00:42

Health: -1/13      AC:  2    Str:  8    XL:     1   Next: 10%
Magic:  3/3        EV: 12    Int: 14    God:
Gold:   7          SH:  0    Dex: 14    Spells: 4/4 levels left

rFire   . . .      SeeInvis .   a - +1 dagger
rCold   . . .      Faith    .   (no shield)
rNeg    . . .      Spirit   .   b - +0 robe
rPois   .          Reflect  .   (no helmet)
rElec   .          Harm     .   (no cloak)
rCorr   .          Rampage  .   (no gloves)
Will    .....                   (no boots)
Stlth   ++........              (no amulet)
HPRegen 0.04/turn               (no ring)
MPRegen 0.08/turn               (no ring)

@: invisible
A: (nimble swimmer 2), mertail
a: no special abilities


You were on level 1 of the Dungeon.
You visited 1 branch of the dungeon, and saw 1 of its levels.

You collected 7 gold pieces.

Inventory:

Hand Weapons
 a - a +1 dagger (weapon)
Missiles
 d - 22 stones (quivered)
Armour
 b - a +0 robe (worn)
Potions
 c - a potion of invisibility
 e - a potion of curing {unknown}


   Skills:
 + Level 0.0 Fighting
 * Level 1.3 Short Blades
 - Level 2.6 Dodging
 - Level 3.2 Stealth
 - Level 2.0 Spellcasting
 - Level 3.0 Hexes


You had 4 spell levels left.
You didn't know any spells.
Your spell library contained the following spells:

 Spells                   Type           Power      Damage    Failure   Level
 Ensorcelled Hibernation  Hex/Ice        10%        N/A       19%         2
 Confusing Touch          Hex            9%         N/A       21%         3
 Tukima's Dance           Hex            9%         N/A       21%         3
 Dazzling Flash           Conj/Hex       10%        N/A       36%         3


Dungeon Overview and Level Annotations

Branches:
Dungeon (1/15)

Altars:


Innate Abilities, Weirdness & Mutations

((You are very nimble when in or above water. (Stealth+, EV+, Speed+++)))
Your lower body shifts to a powerful aquatic tail in water.


Message History

Found a scroll labelled VAECIO MUFUM.
A frilled lizard comes into view.
The kobold shouts!
The frilled lizard hisses angrily.
You hear a shout!
A kobold comes into view. It is wielding a +0 club.
The kobold throws a stone.
The stone hits you but does no damage.
You see here a scroll labelled VAECIO MUFUM.
The kobold throws a stone.
The stone barely misses you.
The kobold throws a stone.
The stone closely misses you. The frilled lizard bites you.
You barely miss the frilled lizard. You barely miss the frilled lizard.
The frilled lizard bites you but does no damage.
You hit the frilled lizard.
You kill the frilled lizard!
The kobold barely misses you.
You barely miss the kobold. The kobold hits you with a +0 dagger.
You hit the kobold but do no damage. The kobold closely misses you.
You closely miss the kobold. The kobold hits you with a +0 club.
The kobold hits you but does no damage.
You hit the kobold.
The kobold is severely wounded.
The kobold closely misses you. The kobold hits you with a +0 club.
You barely miss the kobold.
The kobold is severely wounded.
The kobold hits you with a +0 dagger. The kobold barely misses you.
You hit the kobold but do no damage.
The kobold is severely wounded.
The kobold barely misses you. The kobold hits you with a +0 dagger.
* * * LOW HITPOINT WARNING * * *
The kobold throws a stone.
The stone misses you.
The kobold throws a stone.
The stone completely misses you.
You fade into invisibility!
The kobold throws a stone.
The stone closely misses you. The kobold closely misses you.
You closely miss the kobold.
The kobold is moderately wounded.
You hit the kobold.
You kill the kobold!
The kobold hits you with a +0 club.
You die...

#..# ..# #..####.#
.......K# ##.####.#
#.########## #########
#.†...#.#..####...##...
#.$##.K#..#.##.##.##.##
#..##)@#####...###..#.#
#..##.#.##..#### #..###
#.....###.### #.#.#.
#.#####.##.# #.##..#
#.# ##..## ..# #### #.
#### ###


You could see a kobold (can't see you).

Vanquished Creatures
  A frilled lizard (D:1)
  A kobold (D:1)
2 creatures vanquished.

Notes
Turn   | Place    | Note
-------+----------+-------------------------------------------
     0 | D:1      | Toastz the Merfolk Enchanter began the quest for the Orb.
     0 | D:1      | Reached XP level 1. HP: 13/13 MP: 3/3
    75 | D:1      | Slain by a kobold

Illustrated notes

Levels and vault maps discovered:
D:1:      dpeg_arrival_signposts, layout_basic, ebering_ecumenical_altar_rust

Action                   || total
-------------------------++-------
Melee: Dagger            ||    11
  Use: Potion            ||     1
Armor: Robe              ||     3
Dodge: Dodged            ||    11

Table legend: (Time is in decaauts)
 A = Elapsed time spent in this place.
 B = Non-inter-level travel time spent in this place.
 C = Inter-level travel time spent in this place.
 D = Time resting spent in this place.
 E = Time spent auto-exploring this place.
 F = Levels seen in this place.
 G = Mean time per level.
                   A        B        C        D        E       F      G
               +--------+--------+--------+--------+--------+-----+--------+
         Total |     74 |     74 |      0 |      0 |     42 |   1 |   74.0 |
       Dungeon |     74 |     74 |      0 |      0 |     42 |   1 |   74.0 |
               +--------+--------+--------+--------+--------+-----+--------+

Top non-repeatable levels by time:
     D:1: 74 daAuts
